 Dungeon Crawl Stone Soup version 0.23-a0-344-ge122d05 (webtiles) character file.

65 MisterFreud the Sneak (level 3, -7/15 HPs)
             Began as a Felid Artificer on Oct 19, 2018.
             Killed by divine providence
             ... invoked by an orc priest
              (14 damage)
             ... on level 3 of the Dungeon.
             The game lasted 00:05:09 (3295 turns).

MisterFreud the Sneak (Felid Artificer)             Turns: 3295, Time: 00:05:11

Health: -7/15      AC:  1    Str:  9    XL:     3   Next: 92%
Magic:  6/6        EV: 18    Int: 12    God:
Gold:   94         SH:  0    Dex: 16    Spells: 2/2 levels left
                                        Lives:  0   Deaths: 0

rFire    . . .     SeeInvis +     - Unarmed
rCold    . . .     Gourm    .   (shield unavailable)
rNeg     . . .     Faith    .   (armour unavailable)
rPois    .         Spirit   .   (helmet unavailable)
rElec    .         Reflect  .   (cloak unavailable)
rCorr    .         Harm     .   (gloves unavailable)
MR       .....                  (boots unavailable)
Stlth    ++++......             (no amulet)
HPRegen  0.05/turn              (no ring)
MPRegen  0.10/turn              (no ring)

@: quick
A: very small, no armour, no weapons or thrown items, stealth, claws 1, fangs 3,
see invisible, carnivore, speed 1, shaggy fur 1, slow metabolism 1, sharp paws
a: no special abilities


You were on level 3 of the Dungeon.
You were completely stuffed.

You visited 1 branch of the dungeon, and saw 3 of its levels.

You collected 94 gold pieces.

Inventory:

Wands
 a - a wand of flame (6)
 b - a wand of enslavement (15)
 c - a wand of random effects (13)
Scrolls
 f - 3 scrolls of identify
 h - 3 scrolls of teleportation
 i - a scroll of fog
Comestibles
 d - 6 rations


   Skills:
 - Level 1.0 Fighting
 - Level 2.6 Dodging
 + Level 5.6 Stealth
 - Level 1.0 Unarmed Combat
 - Level 3.2 Evocations


You had 2 spell levels left.
You didn't know any spells.
Your spell library was empty.

Dungeon Overview and Level Annotations

Branches:
Dungeon (3/15)

Altars:


Innate Abilities, Weirdness & Mutations

You cannot wear armour.
You are incapable of wielding weapons or throwing items.
Your paws allow you to move quietly. (Stealth)
You have sharp claws.
You have razor-sharp teeth.
You have supernaturally acute eyesight. (SInv)
You are carnivorous and can eat meat at any time.
You cover ground quickly.
You are covered in fur. (AC +1)
You have a slow metabolism.
Your sharp claws are effective at attacking unaware monsters.


Message History

You kill the rat!
You scratch the goblin.
You kill the goblin!
An orc and an orc priest come into view.
The orc barely misses you.
Things that are here:
a +0 dagger; a goblin corpse You barely miss the orc.
Your bite misses the orc. The orc completely misses you.
You scratch the orc.
The orc is heavily wounded.
The orc hits you.
You closely miss the orc. Your bite misses the orc.
The orc is heavily wounded.
The orc priest shouts!
You hear a shout!
The orc hits you.
The orc priest invokes the aid of Beogh against you.
Beogh smites you!
Ouch! That really hurt!
You die...

##########..#
#.......#
########.#####.#
.........# #.#
#######..# #.#
#..# #.# #..#
#.# ########..#
.. .......@..#
.###.(o#.....oo
#.....#######
#..... ..(....
####...# ####


You could see an orc priest and 2 orcs.

Vanquished Creatures
  2 adders (D:2)
  A worm (D:2)
  2 dart slugs (D:2)
  4 giant cockroaches
  7 goblins
  A hobgoblin (D:1)
  4 jackals
  5 bats
  5 frilled lizards
  5 kobolds
  6 rats
42 creatures vanquished.

Vanquished Creatures (others)
  A frilled lizard (D:2)
1 creature vanquished.

Grand Total: 43 creatures vanquished

Notes
Turn   | Place    | Note
-------+----------+-------------------------------------------
     0 | D:1      | MisterFreud the Felid Artificer began the quest for the
                  | Orb.
     0 | D:1      | Reached XP level 1. HP: 9/9 MP: 4/4
    73 | D:1      | Reached skill level 2 in Stealth
   375 | D:1      | Reached skill level 3 in Stealth
   375 | D:1      | Reached XP level 2. HP: 12/12 MP: 5/5
  1831 | D:2      | Reached skill level 4 in Stealth
  1948 | D:2      | Reached XP level 3. HP: 10/15 MP: 6/6
  2102 | D:2      | Reached skill level 5 in Stealth
  2766 | D:2      | Found a faded altar of an unknown god.
  3295 | D:3      | Killed from afar by an orc priest

Vault maps used:
D:1:      eino_arrival_water_cross
D:2:      chequers_ecumenical_altar_twisty, kennysheep_cluttered_room
D:3:      cheibrodos_fertilizer, portal_sewer_entry_d

Skill      XL: |  1  2  3 |
---------------+----------+-----
Stealth        | 3 4 5 |  5.6
Fighting       | |  1.0
Dodging        | |  2.6
Unarmed Combat | |  1.0
Evocations     | |  3.2

Action                   || total
-------------------------++-------
Melee: Unarmed           ||   144
       Bite              ||     6
Evoke: Wand              ||    11
  Use: Scroll            ||     6
 Stab: Sleeping          ||    11
  Eat: Chunk             ||    12
Armor: Skin              ||    11
Dodge: Dodged            ||   134

Table legend:
 A = Non-vault XP
 B = Vault XP
 C = Vault XP percentage of total XP
 D = Non-vault monster count
 E = Vault monster count
 F = Vault count percentage of total count
                 A         B        C        D         E       F
            +---------+---------+-------+---------+---------+-------
      Total |      93 |       0 |   0.0 |      42 |       0 |   0.0
            +---------+---------+-------+---------+---------+-------
        D:1 |      26 |       0 |   0.0 |      19 |       0 |   0.0
        D:2 |      62 |       0 |   0.0 |      19 |       0 |   0.0
        D:3 |       5 |       0 |   0.0 |       4 |       0 |   0.0
            +---------+---------+-------+---------+---------+-------
